 Dungeon Crawl Stone Soup version 0.28-a0-697-g47f3eba078 (webtiles) character file.

Game seed: 3114515080444655351

385 Barbarella the Sneak (level 7, -1/36 HPs)
             Began as a Kobold Enchanter on Oct 23, 2021.
             Slain by a gnoll (13 damage)
             ... on level 5 of the Dungeon.
             The game lasted 00:10:25 (3922 turns).

Barbarella the Sneak (Kobold Enchanter)             Turns: 3922, Time: 00:10:26

Health: -1/36      AC:  2    Str:  5    XL:     7   Next: 6%
Magic:  7/12       EV: 16    Int: 17    God:
Gold:   174        SH:  0    Dex: 17    Spells: 11/13 levels left

rFire   . . .      SeeInvis .   a - +2 dagger (elec)
rCold   . . .      Faith    .   (shield restricted)
rNeg    . . .      Spirit   .   b - +0 robe
rPois   .          Reflect  .   (no helmet)
rElec   .          Harm     .   (no cloak)
rCorr   .          Rampage  .   (no gloves)
Will    .....                   (no boots)
Stlth   ++++......              (no amulet)
HPRegen 0.12/turn               (no ring)
MPRegen 0.13/turn               (no ring)

@: no status effects
A: small, no large weapons, nightstalker 3
a: no special abilities


You were on level 5 of the Dungeon.
You visited 1 branch of the dungeon, and saw 5 of its levels.

You collected 174 gold pieces.

Inventory:

Hand Weapons
 a - a +2 dagger of electrocution (weapon)
Missiles
 g - 29 stones (quivered)
Armour
 b - a +0 robe (worn)
Scrolls
 d - 2 scrolls of teleportation {unknown}
 e - a scroll of enchant armour {unknown}
 k - a scroll of summoning {unknown}
 m - a scroll of identify {unknown}
Potions
 f - 2 potions of haste {unknown}
 h - a potion of curing {unknown}
 i - 2 potions of berserk rage {unknown}
 j - a potion of might {unknown}
 l - a potion of degeneration {unknown}


   Skills:
 * Level 5.1 Short Blades
 + Level 4.0 Dodging
 + Level 5.4 Stealth
 + Level 3.5 Spellcasting
 + Level 4.0 Hexes


You had 11 spell levels left.
You knew the following spells:

 Your Spells              Type           Power      Damage    Failure   Level
a - Ensorcelled Hibernat  Hex/Ice        18%        N/A       11%         2

Your spell library contained the following spells:

 Spells                   Type           Power      Damage    Failure   Level
 Confusing Touch          Hex            16%        N/A       10%         3
 Tukima's Dance           Hex            16%        N/A       10%         3
 Magic Dart               Conj           12%        1d3       17%         1
 Dazzling Flash           Conj/Hex       18%        N/A       22%         3
 Call Imp                 Summ           3%         N/A       26%         2
 Mephitic Cloud           Conj/Pois/Air  3%         N/A       45%         3


Dungeon Overview and Level Annotations

Branches:
Dungeon (5/15)
 Temple: D:4-7

Altars:
Zin

Shops:
D:1 :((!

Annotations:
D:3 2 runed translucent doors


Innate Abilities, Weirdness & Mutations

You are small and have problems with some larger weapons.
You are completely attuned to the shadows.


Message History

Aiming: Ensorcelled Hibernation (safe; 11% risk of failure)
Press: ? - help, Shift-Dir - straight line, f/p - gnoll shaman
Aim: a gnoll shaman, wielding a +0 whip and wearing a +0 leather armour (chance to affect: 40%)
The gnoll shaman looks drowsy...
The gnoll shouts! x2
The gnoll throws a throwing net.
The throwing net barely misses you.
You see here a throwing net.
c - a throwing net Your magical contamination has completely faded away.
Throw: 29 stones
Press: ? - help, Q - select action, (/) - cycle Shift-Dir - straight line, f - gnoll
Aim: a gnoll, wielding a +0 halberd (63% to hit)
Okay, then.
Throw: throwing net
Press: ? - help, Q - select action, (/) - cycle Shift-Dir - straight line, f - gnoll
Aim: a gnoll, wielding a +0 halberd (63% to hit)
You throw a throwing net.
The throwing net barely misses the gnoll.
The gnoll completely misses you.
A scorpion comes into view.
Found a dagger.
Found a stone staircase leading down.
Found 6 gold pieces.
There is a stone staircase leading down here.
The gnoll hits you from afar with a +0 halberd!
Found a scroll labelled CURESHRIVER.
The gnoll barely misses you. The gnoll misses you.
There is a stone staircase leading down here.
You hit the gnoll.
The gnoll is lightly wounded.
You hit the gnoll.
The gnoll is lightly wounded.
The gnoll closely misses you.
You hit the gnoll.
The gnoll is moderately wounded.
The gnoll hits you with a +0 halberd!
You closely miss the gnoll.
The gnoll is moderately wounded.
The gnoll hits you with a +0 halberd!
You die...

#####....(.gg..
#.....##g..
###...# ..
#.### . ###.#
.. ##...#
..######....#
......g.......
.....@##.#...s.
...........)...
......###....
......# ...
...$..# ?##..##


You could see a gnoll.

Vanquished Creatures
  A water moccasin (D:5)
  A black bear (D:4)
  A bullfrog zombie (D:5)
  An orc priest (D:4)
  3 adders
  2 gnolls (D:4)
  A worm (D:2)
  A dart slug (D:1)
  8 orcs
  5 ball pythons
  4 bats
  7 endoplasms
  A giant cockroach (D:2)
  4 goblins
  6 hobgoblins
  4 jackals (D:2)
  6 kobolds
  4 quokkas
  3 frilled lizards
  6 rats
69 creatures vanquished.

Notes
Turn   | Place    | Note
-------+----------+-------------------------------------------
     0 | D:1      | Barbarella the Kobold Enchanter began the quest for the
                  | Orb.
     0 | D:1      | Reached XP level 1. HP: 10/10 MP: 3/3
   121 | D:1      | Reached XP level 2. HP: 15/15 MP: 5/5
   190 | D:1      | Found Bialih's Weapon Emporium.
   366 | D:1      | Learned a level 2 spell: Ensorcelled Hibernation
   482 | D:1      | Reached XP level 3. HP: 19/19 MP: 6/6
   505 | D:1      | Found Widdang's Weapon Emporium.
   599 | D:1      | Found Symm's Book Emporium.
   723 | D:1      | Found Paliy's Distillery.
   743 | D:1      | Found a faded altar of an unknown god.
  1123 | D:2      | Reached XP level 4. HP: 24/24 MP: 7/7
  1904 | D:3      | Found a large runed translucent door.
  1904 | D:3      | Found a large runed translucent door.
  2819 | D:4      | Reached XP level 5. HP: 10/28 MP: 3/9
  2977 | D:4      | Noticed a phantom
  3082 | D:4      | Noticed a black bear
  3086 | D:4      | Killed a black bear
  3087 | D:4      | Reached skill level 5 in Stealth
  3087 | D:4      | Reached XP level 6. HP: 31/32 MP: 10/10
  3229 | D:4      | Identified the +8 plate armour of the Sea {+Inv Will+}
  3252 | D:4      | Noticed an ogre
  3346 | D:5      | Entered Level 5 of the Dungeon
  3695 | D:5      | Noticed a water moccasin
  3703 | D:5      | Killed a water moccasin
  3802 | D:5      | Reached skill level 5 in Short Blades
  3802 | D:5      | Reached XP level 7. HP: 33/36 MP: 12/12
  3827 | D:5      | Found a glowing silver altar of Zin.
  3922 | D:5      | Slain by a gnoll

Illustrated notes

Levels and vault maps discovered:
D:1:      minmay_arrival_solitary_statue, layout_basic,
          shapermc_ecumenical_altar_mp_highgroup, serial_shops, shop, shop,
          nicolae_shop_waterfront, shop
D:2:      layout_loops_ring, minmay_tromino_v4_b
D:3:      layout_basic, jmf_multi_god_temple2
D:4:      layout_basic, grunt_temple_overflow_holy_war, portal_sewer_entry_c,
          columned_hall_lemuel
D:5:      layout_rooms, zin_scriptorium, tgw_fedhas, chequers_jeans,
          chequers_arboretum

Skill      XL: |  1  2  3  4  5  6 |
---------------+-------------------+-----
Short Blades   | 2 3 4 5 |  5.1
Dodging        | 3 4 |  4.0
Stealth        | 5 |  5.4
Spellcasting   | 3 |  3.5
Hexes          | 4 |  4.0

Action                   |  1- 3 |  4- 6 |  7- 9 || total
-------------------------+-------+-------+-------++-------
Melee: Dagger            |    50 |    96 |    20 ||   166
Throw: Throwing net      |       |       |     1 ||     1
 Cast: Ensorcelled Hiber |     1 |    20 |     3 ||    24
  Use: Potion            |       |     1 |       ||     1
 Stab: Sleeping          |    19 |    19 |       ||    38
Armor: Robe              |     7 |     9 |     1 ||    17
Dodge: Dodged            |    26 |    59 |    15 ||   100

Table legend: (Time is in decaauts)
 A = Elapsed time spent in this place.
 B = Non-inter-level travel time spent in this place.
 C = Inter-level travel time spent in this place.
 D = Time resting spent in this place.
 E = Time spent auto-exploring this place.
 F = Levels seen in this place.
 G = Mean time per level.
                   A        B        C        D        E       F      G
               +--------+--------+--------+--------+--------+-----+--------+
         Total |   3897 |   3788 |    109 |   1140 |   1826 |   5 |  779.4 |
       Dungeon |   3897 |   3788 |    109 |   1140 |   1826 |   5 |  779.4 |
               +--------+--------+--------+--------+--------+-----+--------+

Top non-repeatable levels by time:
     D:2: 1076 daAuts
     D:3: 881 daAuts
     D:1: 847 daAuts
     D:4: 597 daAuts
     D:5: 494 daAuts
